 Dungeon Crawl Stone Soup version 0.26.1-2-gb8aa6d0cf2 (webtiles) character file.

Game seed: 13967200447725857015

148 Mig the Sneak (level 5, -2/36 HPs)
             Began as an Octopode Brigand on Feb 22, 2021.
             Killed from afar by an orc wizard (8 damage)
             ... with a magic dart
             ... on level 3 of the Dungeon.
             The game lasted 00:13:11 (2132 turns).

Mig the Sneak (Octopode Brigand)                    Turns: 2132, Time: 00:13:11

Health: -2/36      AC:  1    Str: 10    XL:     5   Next: 30%
Magic:  5/5        EV: 14    Int: 13    God:
Gold:   92         SH:  0    Dex: 15    Spells: 4/4 levels left

rFire    . . .     SeeInvis .   a - +2 dagger (venom)
rCold    . . .     Faith    .   (no shield)
rNeg     . . .     Spirit   .   (helmet restricted)
rPois    .         Reflect  .   (no amulet)
rElec    .         Harm     .   (no ring)
rCorr    .         Rampage  .   (no ring)
Will     .....                  (no ring)
Stlth    ++++......             (no ring)
HPRegen  0.12/turn              (no ring)
MPRegen  0.09/turn              (no ring)
                                (no ring)
                                (no ring)

@: no status effects
A: almost no armour, stealthy swim, amphibious, 8 rings, constrict 8, camouflage
1, gelatinous body 1
a: no special abilities


You were on level 3 of the Dungeon.
You visited 1 branch of the dungeon, and saw 3 of its levels.

You collected 92 gold pieces.

Inventory:

Hand Weapons
 a - a +2 dagger of venom (weapon)
Missiles
 b - 7 poisoned darts (quivered)
 c - 2 curare-tipped darts
Jewellery
 d - an uncursed ring of ice {unknown}
 h - an uncursed ring of willpower
Potions
 e - a potion of resistance {unknown}
 f - 2 potions of lignification {unknown}
 g - a potion of cancellation {unknown}


   Skills:
 + Level 2.8 Fighting
 * Level 3.1 Short Blades
 + Level 2.6 Throwing
 + Level 2.1 Dodging
 + Level 6.5 Stealth


You had 4 spell levels left.
You didn't know any spells.
Your spell library was empty.

Dungeon Overview and Level Annotations

Branches:
Dungeon (3/15)

Altars:
Ashenzari


Innate Abilities, Weirdness & Mutations

You cannot wear most types of armour.
You are very stealthy in the water. (Stealth+)
You are amphibious.
You can wear up to eight rings at the same time.
You can use your tentacles to constrict eight enemies at once.
Your skin changes colour to match your surroundings (Stealth+).
Your rubbery body absorbs attacks. (AC +1, EV +1)


Message History

The orc wizard hits you with a +0 dagger.
You hit the orc wizard.
The orc wizard looks as sick as possible!
The orc wizard is moderately wounded.
You constrict the orc wizard, but do no damage.
You constrict the orc. The orc hits you with a +0 mace.
The orc wizard hits you with a +0 dagger.
The orc misses you.
You hit the orc wizard but do no damage.
The orc wizard looks as sick as possible!
The orc wizard is heavily wounded.
You constrict the orc wizard, but do no damage.
You constrict the orc.
You kill the orc!
The orc wizard closely misses you. The orc hits you with a +0 dagger.
* * * LOW HITPOINT WARNING * * *
You release your grip on the orc wizard.
The orc wizard points at you and mumbles some strange words.
The magic dart hits you!
You die...

####### #.....##
#......####
#.......... ###
#..?.....# # ##.<
#.)oo..# ###.####...
#......#.....[......
#..@.....# .##.....
#.....##.###. ##...#
#.###........ ##.##
#.###.##.#### #.#
#........# #.#
#####)#### ##'## #.#
##...# #.### ##.....
#.#.## ##......


You could see an orc wizard (fast, extremely poisoned) and an orc (poisoned).

Vanquished Creatures
  Terence (D:3)
  5 gnolls
  An adder (D:2)
  A worm (D:3)
  A dart slug (D:1)
  4 leopard geckos
  2 orcs (D:3)
  4 giant cockroaches
  4 goblins
  9 hobgoblins
  A quokka (D:2)
  A ball python (D:1)
  7 bats
  5 frilled lizards
  6 kobolds (D:1)
  5 rats
57 creatures vanquished.

Vanquished Creatures (others)
  5 plants (D:2)
5 creatures vanquished.

Grand Total: 62 creatures vanquished

Notes
Turn   | Place    | Note
-------+----------+-------------------------------------------
     0 | D:1      | Mig the Octopode Brigand began the quest for the Orb.
     0 | D:1      | Reached XP level 1. HP: 14/14 MP: 1/1
   112 | D:1      | Reached XP level 2. HP: 19/19 MP: 2/2
   506 | D:1      | Reached XP level 3. HP: 24/24 MP: 3/3
   647 | D:1      | Reached skill level 6 in Stealth
   945 | D:2      | Reached XP level 4. HP: 25/30 MP: 4/4
  1410 | D:2      | Found a broken altar of Ashenzari.
  2063 | D:3      | Noticed Terence
  2067 | D:3      | Killed Terence
  2068 | D:3      | Reached XP level 5. HP: 35/35 MP: 5/5
  2132 | D:3      | Killed from afar by an orc wizard

Illustrated notes

Levels and vault maps discovered:
D:1:      tarquinn_simple_flora_water_b, layout_basic, minmay_quantized
D:2:      layout_loops_cross, ashenzari_conservatory_becter, serial_forest,
          infiniplex_forest_join, infiniplex_forest_clump_long,
          infiniplex_forest_straight_2, infiniplex_forest_lined_3,
          infiniplex_forest_end_2, infiniplex_forest_lined_room_2, hex_medium
D:3:      layout_loops_corners, uniq_terence

Skill      XL: |  1  2  3  4 |
---------------+-------------+-----
Stealth        | 6 |  6.5
Dodging        | 2 |  2.1
Short Blades   | 3 |  3.1
Fighting       | |  2.8
Throwing       | |  2.6

Action                   |  1- 3 |  4- 6 || total
-------------------------+-------+-------++-------
Melee: Dagger            |    59 |    47 ||   106
       Tentacles         |    10 |     6 ||    16
       Constrict         |    15 |    14 ||    29
Throw: Dart              |    17 |    13 ||    30
  Use: Scroll            |     3 |     3 ||     6
 Stab: Sleeping          |     9 |     6 ||    15
       Distracted        |       |     2 ||     2
Armor: Skin              |     8 |     1 ||     9
Dodge: Dodged            |    35 |    25 ||    60
